Map: [ESL] Data-C

Players

Krystianer - Winner!

  • Race: Protoss Protoss
  • Spawn Location: 9:00

Gerald

  • Race: Protoss Protoss
  • Spawn Location: 3:00

Event: DreamHack SC2 Masters 2022 Valencia

VOD

Have the link to the VOD?

Description

Time

  • Played on: July 1, 2022, 5:02 p.m.
  • Length: 16:19

All games in this series

Show
View Real Time Build Order
Export as new Build Order

Krystianer Protoss - Winner!

Build Orders: Oracle Opening 

Get SALT Encoding   

  12  0:00  Probe  
  13  0:12  Probe  
  14  0:17  Pylon  
  14  0:24  Probe (Chrono Boost)  
  15  0:36  Probe (Chrono Boost)  
  15  0:38  Gateway  
  16  0:45  Probe (Chrono Boost)  
  16  0:46  Assimilator  
  17  0:50  Probe  
  18  1:03  Probe (Chrono Boost)  
  19  1:04  Assimilator  
  19  1:05  Pylon  
  20  1:12  Probe (Chrono Boost)  
  20  1:17  Probe (Chrono Boost)  
  21  1:26  Cybernetics Core  
  21  1:29  Probe  
  22  1:33  Zealot  
  24  1:41  Probe  
  25  1:53  Probe  
  26  2:04  Stargate  
  26  2:05  Stalker  
  28  2:12  Probe  
  29  2:15  Warp Gate  
  29  2:28  Pylon  
  29  2:32  Probe  
  30  2:45  Stalker  
  30  2:49  Oracle (Chrono Boost)  
  32  2:58  Nexus  
  35  3:01  Probe  
  36  3:09  Pylon  
  36  3:21  Oracle  
  39  3:27  Probe (Chrono Boost)  
  39  3:33  Shield Battery  
  40  3:39  Probe (Chrono Boost)  
  41  3:44  Probe (Chrono Boost)  
  41  3:45  Twilight Council  
  41  3:47  Gateway  
  42  3:53  Probe  
  43  4:04  Stalker  
  43  4:08  Probe (Chrono Boost)  
  46  4:12  Probe (Chrono Boost)  
  47  4:21  Probe (Chrono Boost)  
  47  4:22  Probe (Chrono Boost)  
  49  4:26  Probe (Chrono Boost)  
  49  4:28  Stalker, Blink (Chrono Boost)  
  49  4:30  Probe  
  53  4:33  Gateway  
  53  4:38  Probe  
  53  4:42  Stalker  
  57  4:52  Stalker  
  55  4:54  Probe  
  56  5:02  Shield Battery  
  56  5:05  Assimilator  
  56  5:07  Stalker  
  56  5:10  Probe  
  59  5:18  Gateway  
  59  5:21  Probe  
  59  5:22  Nexus, Probe  
  61  5:30  Pylon  
  61  5:34  Probe  
  62  5:47  Pylon  
  62  5:49  Stalker  
  63  5:50  Stalker x2, Probe  
  63  5:52  Pylon  
  63  5:54  Probe  
  70  6:06  Nexus  
  70  6:10  Pylon  
  71  6:13  Stalker x3  
  71  6:14  Stalker  
  77  6:19  Probe  
  77  6:22  Probe  
  79  6:34  Probe  
  79  6:36  Stalker x3  
  79  6:37  Stalker  
  88  6:43  Pylon, Probe (Chrono Boost)  
  89  6:52  Probe (Chrono Boost)  
  90  7:00  Stalker, Probe (Chrono Boost)  
  90  7:01  Stalker x3  
  97  7:02  Probe (Chrono Boost)  
  97  7:11  Probe  
  97  7:13  Probe  
  99  7:19  Probe, Forge  
  100  7:23  Probe  
  100  7:26  Probe  
  100  7:27  Adept x2  
  100  7:28  Stalker  
  100  7:29  Stalker  
  110  7:34  Charge, Probe  
  110  7:36  Pylon  
  111  7:40  Templar Archives  
  111  7:43  Pylon  
  111  7:45  Probe  
  112  7:52  Protoss Ground Weapons Level 1 (Chrono Boost)  
  112  8:00  Gateway  
  112  8:01  Assimilator  
  112  8:02  Gateway  
  110  8:06  Probe  
  111  8:14  Nexus, Probe  
  112  8:21  Gateway  
  112  8:23  Gateway  
  112  8:24  Pylon  
  112  8:25  Zealot x2  
  112  8:26  Zealot  
  118  8:28  Probe, Zealot  
  118  8:33  Probe  
  122  8:36  Pylon  
  122  8:38  Probe  
  123  8:44  Probe  
  123  8:45  Probe  
  122  8:50  Probe  
  122  8:52  Gateway  
  122  8:53  Robotics Facility  
  122  8:54  Gateway  
  123  8:55  Shield Battery  
  123  9:00  High Templar  
  123  9:01  High Templar, Zealot x2  
  131  9:03  Zealot  
  131  9:06  Archon  
  131  9:08  Zealot  
  131  9:09  Probe  
  136  9:17  Pylon  
  136  9:20  Zealot x2  
  138  9:24  Zealot x2  
  138  9:25  Zealot  
  138  9:31  Probe  
  145  9:35  Pylon, High Templar x2  
  145  9:36  Zealot  
  145  9:37  Warp Prism (Chrono Boost)  
  151  9:40  Pylon  
  153  9:46  Archon  
  153  9:48  High Templar, Zealot  
  153  9:49  High Templar  
  159  9:55  Protoss Ground Weapons Level 2 (Chrono Boost), Zealot x4  
  159  9:56  Archon  
  159  9:57  Pylon  
  167  10:04  Photon Cannon  
  168  10:07  Observer (Chrono Boost)  
  168  10:25  Zealot x8  
  168  10:26  Zealot x2  
  168  10:27  Probe  
  187  10:28  Probe  
  187  10:29  Probe  
  187  10:30  Probe  
  178  10:40  Probe x2  
  156  10:45  Zealot x4  
  156  10:46  Zealot x4  
  156  10:48  Probe  
  156  10:49  Probe  
  144  10:51  Observer (Chrono Boost)  
  144  10:52  Probe  
  144  10:56  Probe, Zealot x2  
  124  11:08  Zealot x6  
  126  11:14  Zealot x2  
  124  11:21  Stalker x2  
  128  11:37  Stalker x8  
  144  11:52  Nexus  
  144  11:58  Probe  
  145  12:02  Zealot  
  145  12:03  Zealot x8  
  145  12:06  Zealot  
  145  12:07  Zealot x9  
  143  12:09  Zealot x5  
  143  12:10  Zealot x5  
  143  12:12  Probe  
  164  12:16  Warp Prism (Chrono Boost)  
  118  12:31  Stalker x8  
  130  12:46  Observer  
  107  13:02  Zealot x10  
  107  13:05  Probe  
  124  13:06  Probe  
  124  13:07  Observer, Probe  
  117  13:14  Gateway  
  117  13:16  Gateway  
  117  13:21  Gateway  
  117  13:23  Gateway  
  117  13:24  Gateway  
  105  13:28  Zealot x2  
  105  13:29  Probe, Zealot x8  
  105  13:31  Probe  
  119  13:34  Probe  
  96  13:48  Zealot  
  96  13:49  Zealot x9  
  100  14:09  High Templar x3  
  94  14:10  High Templar x3, Zealot  
  94  14:11  Zealot x5  
  94  14:13  Archon, Warp Prism (Chrono Boost)  
  94  14:14  Archon x2  
  112  14:31  Zealot x9  
  108  14:32  Probe  
  108  14:33  Probe  
  118  14:44  Zealot x6  
  108  14:55  Zealot x4  
  100  15:04  High Templar x3  
  100  15:05  High Templar x3  
  112  15:07  Zealot x4  
  112  15:09  Archon x3  
  112  15:13  Zealot  
  122  15:27  Stalker x7  
  122  15:28  Stalker  
  135  15:39  Probe  
  132  15:48  Zealot x7  
  144  15:51  Zealot x6  
  146  15:57  Zealot x2  
  136  16:09  Stalker x5  
  144  16:15  Stalker  
  144  16:16  Zealot x7  
Show
View Real Time Build Order
Export as new Build Order

Gerald Protoss 

Build Orders: Blink Stalkers 

Get SALT Encoding   

  12  0:00  Probe  
  13  0:13  Probe  
  14  0:18  Pylon  
  14  0:25  Probe (Chrono Boost)  
  15  0:37  Gateway  
  15  0:38  Probe (Chrono Boost)  
  16  0:43  Probe (Chrono Boost)  
  16  0:46  Assimilator  
  17  0:52  Probe (Chrono Boost)  
  17  0:55  Assimilator  
  18  1:04  Probe (Chrono Boost)  
  18  1:09  Gateway  
  19  1:14  Probe (Chrono Boost)  
  20  1:20  Probe  
  20  1:25  Cybernetics Core  
  21  1:32  Probe  
  21  1:37  Pylon  
  22  1:45  Probe  
  23  1:48  Pylon  
  23  1:57  Probe  
  24  2:01  Stalker  
  24  2:04  Stalker  
  28  2:09  Pylon  
  28  2:12  Warp Gate (Chrono Boost)  
  28  2:13  Probe  
  29  2:24  Pylon  
  29  2:27  Pylon  
  29  2:28  Probe  
  30  2:37  Pylon  
  30  2:40  Probe  
  30  2:52  Nexus  
  30  2:55  Probe  
  31  3:01  Shield Battery  
  31  3:12  Probe  
  32  3:14  Twilight Council  
  32  3:24  Probe  
  33  3:30  Shield Battery  
  33  3:36  Probe  
  34  3:44  Blink (Chrono Boost)  
  34  3:45  Pylon  
  34  3:53  Stalker x2  
  38  3:57  Probe  
  39  4:06  Probe  
  39  4:09  Probe  
  41  4:17  Stalker  
  41  4:18  Probe  
  41  4:21  Probe  
  41  4:24  Stalker  
  45  4:33  Probe  
  45  4:35  Gateway  
  45  4:37  Probe  
  46  4:41  Stalker  
  48  4:48  Probe  
  48  4:49  Probe  
  48  4:52  Stalker  
  51  5:00  Pylon, Probe  
  51  5:01  Probe  
  51  5:05  Stalker  
  55  5:12  Probe  
  55  5:13  Probe  
  57  5:22  Nexus  
  57  5:24  Probe  
  58  5:30  Robotics Facility  
  59  5:40  Probe  
  59  5:41  Stalker x2  
  63  5:44  Assimilator  
  63  5:45  Probe  
  64  5:52  Probe  
  64  5:54  Pylon  
  66  5:57  Probe, Gateway  
  66  6:08  Probe  
  66  6:09  Probe  
  68  6:16  Stalker x2, Shield Battery  
  68  6:17  Observer (Chrono Boost)  
  73  6:20  Probe  
  73  6:21  Probe  
  75  6:26  Forge  
  75  6:32  Probe  
  76  6:33  Probe, Forge  
  76  6:34  Probe  
  76  6:39  Observer  
  79  6:44  Probe  
  79  6:45  Probe  
  79  6:46  Probe  
  82  6:50  Stalker x2  
  82  6:51  Stalker  
  88  6:56  Probe  
  88  6:57  Probe  
  88  6:58  Probe  
  88  6:59  Gateway  
  91  7:06  Stalker  
  91  7:08  Probe  
  91  7:11  Probe  
  91  7:15  Pylon  
  93  7:18  Observer, Protoss Ground Weapons Level 1 (Chrono Boost)  
  93  7:23  Pylon  
  93  7:26  Probe  
  93  7:28  Probe  
  93  7:30  Immortal (Chrono Boost), Assimilator  
  93  7:32  Gateway  
  93  7:34  Probe, Gateway  
  98  7:38  Gateway  
  98  7:39  Probe  
  98  7:42  Gateway  
  98  7:43  Charge  
  99  7:48  Gateway  
  99  7:51  Pylon  
  99  7:53  Stalker  
  99  7:55  Stalker x2  
  103  8:02  Adept x2  
  107  8:10  Probe  
  107  8:12  Probe  
  108  8:15  Probe  
  109  8:21  Nexus  
  109  8:26  Pylon  
  109  8:33  Stalker x2  
  109  8:34  Stalker x2  
  116  8:39  Pylon  
  116  8:41  Pylon  
  115  8:48  Zealot x4  
  119  8:52  Templar Archives  
  119  8:55  Probe  
  120  8:58  Probe  
  120  9:02  Protoss Ground Armor Level 1 (Chrono Boost)  
  121  9:09  Pylon  
  121  9:10  Pylon  
  121  9:12  Assimilator  
  121  9:19  Probe  
  121  9:20  Probe  
  121  9:22  Probe  
  124  9:24  Robotics Bay  
  124  9:28  Protoss Ground Weapons Level 2 (Chrono Boost)  
  124  9:29  High Templar x3  
  124  9:30  Zealot x3  
  136  9:31  Probe  
  136  9:34  Archon  
  136  9:35  Shield Battery, High Templar  
  136  9:37  Observer  
  139  9:43  Assimilator  
  139  9:46  Archon, Zealot  
  139  9:47  Assimilator, Zealot x2  
  143  9:54  Zealot x3  
  143  9:56  Photon Cannon  
  143  9:57  Pylon  
  149  10:04  Stalker  
  149  10:05  Stalker x2  
  155  10:09  Robotics Facility  
  155  10:11  Disruptor (Chrono Boost)  
  155  10:15  Zealot x2  
  155  10:19  Photon Cannon  
  155  10:20  Shield Battery  
  160  10:25  Zealot x3  
  146  10:35  Zealot  
  146  10:40  Disruptor  
  146  10:41  Zealot x5  
  135  10:45  Zealot  
  135  10:48  Zealot x2  
  90  10:58  Stalker x2  
  83  11:06  Zealot x4  
  85  11:14  Observer, High Templar x2, Zealot  
  91  11:18  Archon  
  91  11:19  Zealot  
  91  11:24  Disruptor (Chrono Boost)  
  96  11:26  Probe x2  
  96  11:27  Probe  
  98  11:36  Disruptor (Chrono Boost)  
  98  11:38  Probe x2  
  104  11:52  Nexus  
  103  11:56  Disruptor (Chrono Boost)  
  103  11:57  Assimilator  
  103  11:59  Probe (Chrono Boost)  
  103  12:01  Pylon, Probe x2 (Chrono Boost)  
  109  12:05  Stalker  
  111  12:12  Zealot x2  
  114  12:16  Zealot  
  114  12:20  Probe x2  
  95  12:32  Disruptor  
  95  12:35  Probe  
  91  12:47  Probe x2  
  85  12:58  Disruptor  
  85  12:59  Probe  
  85  13:00  Probe  
  84  13:07  Disruptor  
  84  13:12  Probe  
  82  13:15  Probe  
  82  13:16  Probe  
  84  13:24  Probe  
  83  13:32  Stalker x3  
  86  13:35  Zealot x3  
  86  13:40  Zealot x2  
  84  13:42  Probe  
  72  13:48  Zealot  
  72  13:49  Zealot  
  74  13:57  High Templar x4  
  74  14:02  Archon x2  
  61  14:04  Zealot x3  
  61  14:09  Probe  
  62  14:10  Probe  
  61  14:26  Zealot x2  
  61  14:27  Zealot  
  67  14:31  High Templar  
  67  14:32  High Templar, Zealot  
  67  14:36  Archon  
  67  14:38  Zealot  
  60  14:49  Zealot x3  
  64  14:56  Zealot x2  
  66  15:01  Probe x2 (Chrono Boost)  
  68  15:07  High Templar x3  
  68  15:08  High Templar  
  68  15:10  Probe (Chrono Boost)  
  68  15:13  Archon x2  
  78  15:14  Observer (Chrono Boost)  
  78  15:17  Probe (Chrono Boost)  
  78  15:18  Probe (Chrono Boost)  
  78  15:20  Probe (Chrono Boost)  
  81  15:26  Probe (Chrono Boost)  
  81  15:28  Disruptor (Chrono Boost)  
  85  15:31  Stalker  
  87  15:40  Zealot x2  
  90  15:45  Probe  
  92  15:55  Disruptor (Chrono Boost)  
  92  15:56  Zealot x2  
  87  16:03  Zealot  
  75  16:06  Zealot  
  75  16:11  Zealot  
  71  16:18  Zealot  

Tags
 
Add a new tag
Caveats
  • Supply blocks, unpowered buildings, or Contaminate may cause inaccurate times.
  • Supply counts are checked every 10 seconds.